 Dungeon Sprint DCSS version 0.31-a0-460-g9e667d4245 (webtiles) character file.

Game seed: 3639381104802287971

210 rocky1 the Changeling (level 5, -9/33 HPs)
             Began as an Octopode Shapeshifter on Aug 5, 2023.
             Was an Initiate of Gozag.
             Mangled by a troll (13 damage)
             ... in the Dungeon (Sprint IX: "|||||||||||||||||||||||||||||").
             The game lasted 00:00:35 (426 turns).

rocky1 the Changeling (Octopode Shapeshifter)        Turns: 426, Time: 00:00:37

Health: -9/33      AC:  1    Str: 14    XL:     5   Next: 88%
Magic:  5/5        EV: 15    Int: 11    God:    Gozag
Gold:   0          SH:  0    Dex: 20    Spells: 4/4 levels left

rFire   . .          .
                       - Unarmed
rCold   . . .        (no shield)
rNeg    . . .        (helmet currently unavailable)
rPois   .            (no amulet)
rElec   .            k - +3 ring of dexterity
rCorr   .            l - +3 ring of dexterity
SInv    .            (no ring)
Will    .....        (no ring)
Stlth   +++          (no ring)
HPRegen 0.25/turn    (no ring)
MPRegen 0.09/turn    (no ring)
                     (no ring)

%: no teleportation
@: beast-form, hasted, very quick
A: beast (slay +5), almost no armour, amphibious, 8 rings, camouflage 1,
gelatinous body 1, (nimble swimmer 1), tentacles
a: Begin Untransformation, Renounce Religion, Potion Petition, Call Merchant,
Bribe Branch


You were in the Dungeon.
You worshipped Gozag.
Gozag was noncommittal.
You were a hulking beast.
You visited 1 branch

Inventory:

Jewellery
 k - a +3 ring of dexterity (left tentacle)
 l - a +3 ring of dexterity (right tentacle)
Talismans
 b - a beast talisman (active)
Wands
 j - a wand of iceblast (10)
Scrolls
 h - 2 scrolls of blinking
 i - 2 scrolls of amnesia
Potions
 a - a potion of lignification
 c - 5 potions of curing
 d - 3 potions of heal wounds
 f - 4 potions of magic
 g - a potion of invisibility


   Skills:
 + Level 1.0 Fighting
 + Level 3.9 Dodging
 + Level 7.5 Unarmed Combat
 + Level 7.9 Shapeshifting


You had 4 spell levels left.
You didn't know any spells.
Your spell library was empty.

Dungeon Overview and Level Annotations

Branches:
Dungeon (1/1)

Altars:
Cheibriados
Dithmenos
Elyvilon
Fedhas
Gozag
Hepliaklqana
Kikubaaqudgha
Makhleb
Nemelex Xobeh
Okawaru
Qazlal
Ru
Sif Muna
Trog
Uskayaw
Vehumet
Wu Jian
Xom
Yredelemnul
Zin
The Shining One
Jiyva
Lugonu


Innate Abilities, Weirdness & Mutations

You are a hulking beast.
Your limbs bulge with bestial killing power. (Slay +5)
You cannot wear most types of armour.
You are amphibious.
You can wear up to eight rings at the same time.
Your skin changes colour to match your surroundings (Stealth+).
Your rubbery body absorbs attacks. (AC +1, EV +1)
((You are camouflaged when in or above water. (Stealth+)))
You have tentacles for arms and can constrict up to eight enemies at once.


Message History

You open the door.
Found five items.
Found a +1 chain mail.
There is an open door here.
Found a +3 ring of dexterity.
f - 4 potions of magic (gained 2);
g - a potion of invisibility
d - 3 potions of heal wounds (gained 2);
c - 5 potions of curing (gained 4)
Found a +3 ring of dexterity.
i - 2 scrolls of amnesia;
h - 2 scrolls of blinking (gained 1)
j - a wand of iceblast (10)
Items here: )))))).
You see here a +0 pair of boots.
You see here a +0 cloak.
You see here a +1 chain mail.
k - a +3 ring of dexterity
l - a +3 ring of dexterity You feel agile.
k - a +3 ring of dexterity (left tentacle)
You feel agile.
l - a +3 ring of dexterity (right tentacle) Unknown command.
You open the door.
A troll, a centaur, a killer bee, an orc wizard and 2 vampire mosquitoes come into view.
The orc wizard shouts!
The killer bee buzzes angrily.
The vampire mosquito buzzes angrily.
The troll shouts!
The centaur shouts!
Unknown command.
You feel yourself speed up.
The vampire mosquito buzzes angrily.
The troll misses you. The troll claws you! x2
You closely miss the troll. You bludgeon the troll! You squeeze the troll.
The troll is moderately wounded.
The troll bites you. The troll barely misses you. The troll closely misses you.
You tentacle-slap the troll. You squeeze the troll.
The troll is heavily wounded.
The troll bites you. The troll claws you.
* * * LOW HITPOINT WARNING * * *
The troll claws you!
You die...
Your body crumbles into a pile of gold. $$$$$$ $$$$$ $ $ $ $$$$$ $ $ $ ▓▓▓▓▓▓▓▓▓▓▓▓▓▓▓▓▓▓▓▓▓▓▓▓ _______'..).[[[.hTcyoyy. ▓▓▓▓▓▓▓▓▓▓▓▓▓▓▓▓▓▓▓▓▓▓▓▓

You could see a troll, 2 vampire mosquitoes, a centaur, a killer bee and an orc wizard.

Vanquished Creatures
  An ice beast (D)
  2 hounds (D)
  A gnoll bouda (D)
  An iguana (D)
  A ball python (D)
  A bat (D)
  A frilled lizard (D)
  2 rats (D)
10 creatures vanquished.

Notes
Turn   | Place    | Note
-------+----------+-------------------------------------------
     0 | D        | rocky1 the Octopode Shapeshifter began the quest for the
                  | Orb.
     0 | D        | Reached XP level 1. HP: 13/13 MP: 1/1
    17 | D        | Noticed a gnoll bouda
    17 | D        | Noticed a hound
    17 | D        | Noticed an iguana
    17 | D        | Noticed an ice beast
    17 | D        | Noticed a hound
    21 | D        | Killed a gnoll bouda
    22 | D        | Reached skill level 5 in Shapeshifting
    22 | D        | Reached XP level 2. HP: 18/18 MP: 2/2
    22 | D        | Reached XP level 3. HP: 23/23 MP: 3/3
    23 | D        | Reached skill level 5 in Unarmed Combat
    23 | D        | Reached XP level 4. HP: 28/28 MP: 4/4
    29 | D        | Killed an ice beast
    30 | D        | Reached XP level 5. HP: 33/33 MP: 5/5
   377 | D        | Found a snail-covered altar of Cheibriados.
   377 | D        | Found a shadowy altar of Dithmenos.
   377 | D        | Found a white marble altar of Elyvilon.
   377 | D        | Found a blossoming altar of Fedhas.
   377 | D        | Found an opulent altar of Gozag.
   378 | D        | Found a hazy altar of Hepliaklqana.
   379 | D        | Found a viscous altar of Jiyva.
   380 | D        | Found an ancient bone altar of Kikubaaqudgha.
   381 | D        | Found a corrupted altar of Lugonu.
   382 | D        | Found a burning altar of Makhleb.
   383 | D        | Found a sparkling altar of Nemelex Xobeh.
   384 | D        | Found an iron altar of Okawaru.
   385 | D        | Became a worshipper of Gozag Ym Sagoz the Greedy
   386 | D        | Found a stormy altar of Qazlal.
   387 | D        | Found a sacrificial altar of Ru.
   388 | D        | Found a shimmering blue altar of Sif Muna.
   389 | D        | Found a bloodstained altar of Trog.
   390 | D        | Found a hide-covered altar of Uskayaw.
   391 | D        | Found a radiant altar of Vehumet.
   392 | D        | Found an ornate altar of the Wu Jian Council.
   393 | D        | Found a shimmering altar of Xom.
   394 | D        | Found a basalt altar of Yredelemnul.
   395 | D        | Found a glowing silver altar of Zin.
   396 | D        | Found a glowing golden altar of the Shining One.
   422 | D        | Noticed a troll
   422 | D        | Noticed a centaur
   422 | D        | Noticed a vampire mosquito
   422 | D        | Noticed a vampire mosquito
   426 | D        | Mangled by a troll

Illustrated notes

Levels and vault maps discovered:
D:        linesprint [early_d, line_temple, items_1, d_10, items_2, lair_1,
          lair_end, items_3, orc_1, orc_end, items_4, d_15, swamp_1, shoals_1,
          snake_1, spider_1, d_20, vaults_1, items_5, swamp_end, shoals_end,
          snake_end, spider_end, vaults_end, d_27, items_6, zot_1, zot_end,
          crypt_end, forest_end, elf_end, slime_end, tomb_end, abyss_end,
          pan_hell_end]

Skill      XL: |  1  2  3  4 |
---------------+-------------+-----
Unarmed Combat | 4 5 7 |  7.5
Shapeshifting  | 5 7 |  7.9
Dodging        | 3 |  3.9
Fighting       | |  1.0

Action                     |  1- 3 |  4- 6 || total
---------------------------+-------+-------++-------
  Melee: Unarmed           |    11 |     9 ||    20
         Constrict         |     4 |     2 ||     6
         Tentacles         |       |     5 ||     5
    Use: Potion            |     1 |     1 ||     2
 Armour: Skin              |       |     1 ||     1
  Dodge: Dodged            |     6 |     4 ||    10

Table legend: (Time is in decaauts)
 A = Elapsed time spent in this place.
 B = Non-inter-level travel time spent in this place.
 C = Inter-level travel time spent in this place.
 D = Time resting spent in this place.
 E = Time spent auto-exploring this place.
 F = Levels seen in this place.
 G = Mean time per level.
                   A        B        C        D        E       F      G
               +--------+--------+--------+--------+--------+-----+--------+
         Total |    432 |    432 |      0 |    355 |      0 |   1 |  432.0 |
       Dungeon |    432 |    432 |      0 |    355 |      0 |   1 |  432.0 |
               +--------+--------+--------+--------+--------+-----+--------+

Top non-repeatable levels by time:
       D: 432 daAuts
